Cogmind - Beta 16.1 @@@ ROGUE MODE // 2026.01.03 @ 06:17:15 Player: H3-MLN Result: Destroyed by as-68772 with Assembled Maul Performance ------------- Evolutions (0) 0 Regions Visited (2) 400 Robots Destroyed (7) 35 Value Destroyed (83) 83 Prototype IDs (0) 0 Alien Tech Used (0) 0 Bonus (0) 0 TOTAL SCORE: 518 Bonus ------- None Cogmind --------- Core Integrity 0/250 Matter 257/300 Energy 100/100 System Corruption 7% Temperature Cool (0) Movement Treading (240) Ox1 Location -10/Mines Parts ------- > --- POWER (1) -------- (None) > --- PROPULSION (2) --- Light Treads > --- UTILITY (2) ------ Large Storage Unit > --- WEAPON (2) ------- Light Assault Rifle > --- INVENTORY (15) --- Light Treads Light Treads Wheel Compact Wheel Large Storage Unit Cargo Storage Unit High-capacity Matter Pod (71) Peak State ------------ > --- POWER ------------ Ion Engine > --- PROPULSION ------- Light Treads Wheel > --- UTILITY ---------- Large Storage Unit Utility Shielding > --- WEAPON ----------- Light Assault Rifle Light Assault Rifle > --- INVENTORY -------- Ion Engine Light Treads Light Treads Light Treads Compact Wheel Large Storage Unit Cargo Storage Unit High-capacity Matter Pod Medium Laser Light Assault Rifle Botcube [Rating: 9] Favorites ----------- Power Ion Engine Engine Ion Engine Propulsion Light Treads Treads Light Treads Wheel Wheel Utility Large Storage Unit Storage Large Storage Unit Protection Utility Shielding Weapon Light Assault Rifle Energy Gun Small Laser Ballistic Gun Light Assault Rifle Build | -11 -10 -10 ------- Run | Yrd Mat Min Slots Evolved . | . . . Power . | . . . Propulsion . | . . . Utility . | . . . Weapon . | . . . Parts Attached 14 | 7 3 4 Power 2 | 1 . 1 Engine 2 | 1 . 1 Core . | . . . Reactor . | . . . Propulsion 4 | 3 . 1 Treads 2 | 1 . 1 Leg . | . . . Wheel 2 | 2 . . Hover . | . . . Flight . | . . . Utility 3 | 1 2 . Device . | . . . Storage 2 | 1 1 . Processor . | . . . Hackware . | . . . Protection 1 | . 1 . Artifact . | . . . Weapon 5 | 2 1 2 Energy Gun 2 | 1 . 1 Energy Cannon . | . . . Ballistic Gun 3 | 1 1 1 Ballistic Cannon . | . . . Launcher . | . . . Special Weapon . | . . . Impact Weapon . | . . . Slashing Weapon . | . . . Piercing Weapon . | . . . Special Melee Weapon . | . . . Unidentified Prototypes . | . . . Parts Lost 7 | . . 7 Power 2 | . . 2 Propulsion 1 | . . 1 Utility 1 | . . 1 Weapon 3 | . . 3 Highest Loss Streak 5 | . . 5 To Critical Strikes . | . . . Average Backups 7 | 1 7 8 Power . | . 1 . Propulsion 3 | 1 3 4 Utility 2 | . 2 3 Weapon 1 | . 1 1 Tool/Special . | . . . Unused Backups 5 | . . 5 Power . | . . . Propulsion 2 | . . 2 Utility 3 | . . 3 Weapon . | . . . Tool/Special . | . . . Average Slot Usage (%) 95 | . 97 91 Engine 13 | . 14 11 Treads 13 | . 14 12 Wheel 14 | . 14 14 Storage 14 | . 15 14 Protection 10 | . 10 11 Energy Gun 9 | . 10 5 Ballistic Gun 18 | . 17 20 Peak Build Rating 9 | 7 9 9 Average Rating 7 | 5 8 7 On Entrance 5 | . 7 9 Avg Prop Armor Cover (%) 14 | 14 13 14 Naked Turns . | . . . Heaviest Build 32 | 12 32 28 Greatest Support 40 | 26 10 40 Greatest Overweight (x) 3 | 1 3 2 Average Overweight (x) 1 | . 1 1 Largest Inventory Capacity 15 | 8 15 15 Average Capacity 13 | 6 13 15 Most Carried 12 | 5 12 12 Average Carried 9 | 3 9 10 Final Capacity 15 | 8 15 15 Final Carried 12 | 5 12 8 Class Distribution -------------------- 100% | Mutant Dominant Class ---------------- Mutant | -10/Materials Mutant | -10/Mines Resources | -11 -10 -10 ----------- Run | Yrd Mat Min Matter Collected 417 | 244 137 36 Remotely . | . . . Salvage Created 270 | . 147 123 Parts 20 | . 20 . Haulers Intercepted 1 | . 1 . Recyclers Shooed . | . . . Parts Field Recycled . | . . . Retrieved Matter . | . . . Parts Self-Destructed . | . . . Prevented . | . . . Parts Restored . | . . . Kills | -11 -10 -10 ------- Run | Yrd Mat Min Combat Hostiles Destroyed 14 | . 5 9 Guns 14 | . 5 9 Classes Destroyed 5 | . 4 1 Tunneler 1 | . 1 . Hauler 1 | . 1 . Swarmer 4 | . 4 . Grunt 1 | . 1 . Assembled 9 | . . 9 Best Kill Streak 5 | . 3 5 Combat Bots Only 5 | . 3 5 Max Kills in Single Turn 1 | . 1 1 Gunslinging . | . . . Exploded . | . . . Melee . | . . . Uniques/NPCs Destroyed . | . . . Combat | -11 -10 -10 -------- Run | Yrd Mat Min Hostile Shots Fired 87 | . 10 77 Missed 14 | . 4 10 Hits 73 | . 6 67 Melee 13 | . . 13 Projectile 60 | . 6 54 Damage Taken 1093 | . 57 1036 Core 270 | . 23 247 Absorbed by Shields . | . . . Redirected to Shielding 35 | . . 35 Core Remaining (%) 100 | 100 . . Volleys Fired 55 | . 15 40 Largest 2 | . 2 2 Hottest 70 | . 60 70 Shots Fired 107 | . 30 77 Gun 107 | . 30 77 Cannon . | . . . Launcher . | . . . Special . | . . . Kinetic 69 | . 20 49 Thermal 38 | . 10 28 Explosive . | . . . Electromagnetic . | . . . Robot Hit Streak 8 | . 3 8 Robot Miss Streak 5 | . 2 5 Penetration Max . | . . . Secondary Targets 2 | . . 2 Max Gunslinging Chain 1 | . . 1 Shots Hit Robots 65 | . 17 48 Core Hits 32 | . 10 22 Critical Kills . | . . . Critical Parts Destroyed . | . . . Critical Strikes 4 | . . 4 Burn 4 | . . 4 Melee Attacks . | . . . Impact . | . . . Slashing . | . . . Piercing . | . . . Sneak Attacks . | . . . Combat Hostiles . | . . . Follow-up Attacks . | . . . Damage Inflicted 623 | . 162 461 Guns 623 | . 162 461 Cannons . | . . . Explosions . | . . . Melee . | . . . Ramming . | . . . Kinetic 333 | . 84 249 Thermal 290 | . 78 212 Explosive . | . . . Electromagnetic . | . . . Impact . | . . . Slashing . | . . . Piercing . | . . . Highest Corruption 7 | . . 7 Average Corruption 7 | . . 7 Corruption Purged . | . . . Corruption Blocked . | . . . Overload Shots . | . . . Overflow Damage . | . . . Projectiles . | . . . Explosions . | . . . Melee . | . . . Knockbacks . | . . . Impact . | . . . Kinetic . | . . . Secondary . | . . . Self-Inflicted Damage . | . . . Shots . | . . . Rammed 1 | . . 1 Targets Rammed 1 | . . 1 Kicked . | . . . Crushed . | . . . Highest Temperature 255 | . 32 255 Average Temperature 136 | . 16 163 Received Heat Transfer 125 | . 12 113 Siege Activations . | . . . Martial Activations . | . . . Shielding Activations . | . . . Robots Disrupted . | . . . Combat Hostiles . | . . . Robots Corrupted . | . . . Combat Hostiles . | . . . Parts Fried . | . . . Impact Corruptions . | . . . Robots Melted . | . . . Combat Hostiles . | . . . Parts Melted . | . . . Heat Transferred 1100 | . 175 925 Parts Sabotaged . | . . . Parts Stolen . | . . . Parts Stripped . | . . . Power Chain Reactions . | . . . Alert | -11 -10 -10 ------- Run | Yrd Mat Min Maximum Alert Level . | . . . Low Security (%) 100 | 100 100 100 Level 1 . | . . . Level 2 . | . . . Level 3 . | . . . Level 4 . | . . . Level 5 . | . . . High Security . | . . . Max Security . | . . . Peak Influence 75 | . 75 28 Initial 28 | . . 28 Average 12 | . 18 5 Influence Increases 186 | . 186 . Destroy 0b10 Robot/C 100 | . 100 . Destroy 0b10 Robot/NC 10 | . 10 . Destroy Leader 12 | . 12 . Successful Hack 34 | . 34 . Lose Combat Pursuer 30 | . 30 . Influence Decreases 186 | . 111 75 Entered New Map 47 | . . 47 Time Decay 131 | . 111 20 Lost Part 8 | . . 8 Squads Dispatched 1 | . 1 . Investigation . | . . . Extermination . | . . . Reinforcement 1 | . 1 . Assault . | . . . Garrison . | . . . Intercept . | . . . Searches Triggered . | . . . Construction Impeded . | . . . Haulers Reinforced . | . . . Active Scanning Responses . | . . . Cargo Convoy Interrupts . | . . . Stealth | -11 -10 -10 --------- Run | Yrd Mat Min Distress Signals 2 | . 2 . Communications Jammed . | . . . Distress Signals . | . . . Times Spotted 35 | . 12 23 Peak Tracking Total 21 | . 3 21 Tactical Retreats 4 | . 1 3 Traps | -11 -10 -10 ------- Run | Yrd Mat Min Traps Triggered . | . . . Indirectly . | . . . Trap Hack Attempts . | . . . Triggered . | . . . Disarmed . | . . . Reprogrammed . | . . . Reused . | . . . Traps Extracted . | . . . Installed . | . . . Triggered . | . . . Machines | -11 -10 -10 ---------- Run | Yrd Mat Min Machines Disabled . | . . . Max in Single Turn . | . . . Machines Repaired . | . . . Machines Dismantled . | . . . Machines Sabotaged . | . . . Overloaded Fab Kills . | . . . Hacking | -11 -10 -10 --------- Run | Yrd Mat Min Machines Accessed 2 | . 2 . Terminals 2 | . 2 . Fabricators . | . . . Repair Stations . | . . . Recycling Units . | . . . Scanalyzers . | . . . Garrison Access . | . . . Total Hacks 6 | . 6 . Successful 4 | . 4 . Failed 2 | . 2 . Catastrophic 1 | . 1 . Database Lockouts . | . . . Manual 1 | . 1 . Terminals 6 | . 6 . Fabricators . | . . . Repair Stations . | . . . Recycling Units . | . . . Scanalyzers . | . . . Garrison Access . | . . . Terminal Hacks 4 | . 4 . Robot Analysis 1 | . 1 . Hauler Manifests 1 | . 1 . Zone Layout 2 | . 2 . Fabricator Hacks . | . . . Repair Station Hacks . | . . . Recycling Unit Hacks . | . . . Scanalyzer . | . . . Garrison Access Hacks . | . . . Unauthorized Hacks . | . . . Terminals . | . . . Fabricators . | . . . Repair Stations . | . . . Recycling Units . | . . . Scanalyzers . | . . . Garrison Access . | . . . Data Cores Recovered . | . . . Used . | . . . Hacking Detections 2 | . 2 . Full Trace Events . | . . . Feedback Events . | . . . Feedback Blocked . | . . . Robot Schematics Acquired . | . . . Robots Built . | . . . Authchips . | . . . Time . | . . . Total Robot Build Rating . | . . . Part Schematics Acquired . | . . . Parts Built . | . . . Authchips . | . . . Time . | . . . Total Part Build Rating . | . . . Part Studies Acquired . | . . . Parts Repaired . | . . . Time . | . . . Parts Recycled . | . . . Recycled Matter . | . . . Retrieved Matter . | . . . Retrieved Components . | . . . Parts Scanalyzed . | . . . Part Schematics Acquired . | . . . Parts Damaged . | . . . Bothacking | -11 -10 -10 ------------ Run | Yrd Mat Min Used RIF Installer . | . . . Robots Hacked . | . . . Non-combat . | . . . Combat . | . . . Robot Hacks Applied . | . . . Relay Couplers Released . | . . . Fabnet Peak Effective % . | . . . Robots Rewired . | . . . Allies Hacked . | . . . Hacks Repelled . | . . . Allies | -11 -10 -10 -------- Run | Yrd Mat Min Total Allies 1 | . . 1 Largest Group . | . . . Highest-Rated Group . | . . . Highest-Rated Ally . | . . . Total Orders . | . . . Ally Attacks . | . . . Total Damage . | . . . Kills . | . . . Allies Corrupted . | . . . Allies Melted . | . . . Intel | -11 -10 -10 ------- Run | Yrd Mat Min Active Infowar (turns) . | . . . Robot Analysis Total 1 | . 1 . Derelict Logs Recovered . | . . . Drone Launches . | . . . Drone Recoveries . | . . . Exploration | -11 -10 -10 ------------- Run | Yrd Mat Min Turns Passed 640 | 61 391 188 Spaces Moved 309 | 52 201 56 Core 3 | 3 . . Treads 9 | . . 9 Legs . | . . . Wheels 297 | 49 201 47 Hover . | . . . Flight . | . . . Fastest Speed 50 | 50 95 105 Average Speed 106 | 90 107 117 Slowest Speed 160 | 100 125 160 Overloaded Moves . | . . . Propulsion Burnouts . | . . . Robots Hopped . | . . . Potential Cave-ins . | . . . Cave-ins Triggered . | . . . Exploration Rate (%) 18 | 3 28 23 Regions Visited 2 Branch Regions 1 Pre-discovered Areas . | . . . Known Exits Taken . | . . . Unknown Exits Taken 2 | 1 1 . Scrap Searched 1 | . . 1 Spaces Dug . | . . . Terrain Destroyed . | . . . Melee . | . . . Projectile . | . . . AOE . | . . . Terrain Rammed . | . . . Walls Destroyed . | . . . Machines Disabled . | . . . Actions | -11 -10 -10 --------- Run | Yrd Mat Min Total 519 | 62 348 109 Wait 127 | . 122 5 Move 307 | 51 200 56 Hop . | . . . Pick Up 10 | 4 6 . Fast Attach 9 | 6 3 . Attach 3 | . . 3 Detach . | . . . Swap 4 | 1 . 3 Drop 3 | . 2 1 Fire 55 | . 15 40 Melee . | . . . Ram . | . . . Kick . | . . . Crush 1 | . . 1 Escape Stasis . | . . . Rewire . | . . . Trap . | . . . Miscellaneous . | . . . Route ------- -11/Scrapyard -10/Materials -10/Mines History --------- Turn | Location | Event 12 | -11/Scrapyard | Discovered new exit (range 16) 62 | -11/Scrapyard | Entered Materials 118 | -10/Materials | Discovered new exit (range 13) 313 | -10/Materials | Build established: Mutant 453 | -10/Materials | Entered Mines 460 | -10/Mines | Assembled infested the area 478 | -10/Mines | Met a Derelict bent on vengeance 540 | -10/Mines | Core integrity fell below 50% 574 | -10/Mines | Core integrity fell below 20% 611 | -10/Mines | Botcube activated 641 | -10/Mines | Destroyed by as-68772 with Assembled Maul Last Messages --------------- 00563_ Ion Engine destroyed. 00580_ as-82321 suffers critical hit (Burn). 00586_ as-82321 destroyed. 00593_ as-67310 destroyed. 00595_ Med. Laser destroyed. 00602_ as-31289 destroyed. 00607_ as-49429 destroyed. 00608_ Ion Engine destroyed. 00610_ Dropped Botcube. 00610_ Utility Shielding destroyed. 00611_ Botcube begins transforming into Mutated Botcube. 00613_ Mutated Botcube reverted to Botcube. 00622_ Searching scrap... 00622_ Found Utility Shielding. 00622_ Found 36 Matter. 00623_ Acquired 36 matter. 00635_ Lgt. Assault Rifle destroyed. 00635_ Lgt. Treads destroyed. 00635_ System corrupted by crushing effect (+4). 00635_ System corrupted by crushing effect (+3). Map ----- +----------------------------------------------------+ | ??????????????????????????????????????????????? | | ??????????????????????????????????????????????? | | ??????????????????????????????????????????????? | | ??????????????????????????????????????????????? | | ??????????????????????????????????????????????? | | ??????????????????????????????????????????????? | | ??????????????????????????????????????????????? | | ??????????????????????????????????????????????? | | ??????????????????????????????????????????????? | | ??????????????????????????????????????????????? | | ??????????????????????????????????????????????? | | ??????????????????????????????????????????????? | | ??????????????????????????????????????????????? | | ??????????????????????????????????????????????? | | ??????????????????????????????????????????????? | | ??????????????????????????????????????????????? | | ??????????????????????????????????????????????? | | ??????????##??#???????????????????????????????? | | ?????????? ## ???????????????????????????????? | | ??????????? ???????#########???????????????? | | ??????????? ???????# #???????????????? | | ??????????? ???????# #???????????????? | | ???????????# ???????# """ #???????" ???#??? | | ??????????## ???????# """ #??????"" ???? | | ?????????## ???????# """ #?????""" ??? | | ???????### #???????# @ #???? ????? | | ??###### #??#########a####### #???????? | | ## #### ## aa #????????? | | ## aa #????????? | | ###### #######????????? | | ## ### #????# #??????????????? | | ?????????## #?# #????# #??????????????? | | ?????????## ##?########????# #??????????????? | | ?????????# #??????????????#&#??????????????? | | ????????## #?????#####????#%#??????????????? | | ???????## ##???## ##???#%#??????????????? | | ???????# ##??# #??##%#??????????????? | | ???????# #### #??# %#??????????????? | | ???????# ## =%=%=!= #### ##??????????????? | | ##### #?## =% *%% #???????????????? | | ??## ## ##### #???????????????? | | ## ### ##### #???????????????? | | ??#### ##?# #???????????????? | | ?????# ##??# ########???????????????? | | ?????## ##???# ##??????????????????????? | | ??????#######?????# ##???????????????????????? | | ??????????????????####????????????????????????? | | ??????????????????????????????????????????????? | | ??????????????????????????????????????????????? | | | +----------------------------------------------------+ Best States ------------- Heat Dissipation 25 Energy Generation 10 Energy Capacity 250 Matter Stores 300 Matter Capacity 300 Sight Range 16 Terrain Scan Density 10 Utility Shielding 33 Evasion (%) 44 Recoil Reduction 2 Item Schematics ----------------- None Robot Schematics ------------------ None Fabricated ------------ Nothing Repaired ---------- Nothing Studied --------- None Alien Tech Used ----------------- None Achievements -------------- None Challenges ------------ None Game ------ Seed TacticalArcsightPit Manual? 0 Play Time 00:05:54 Cumulative 1203.5 hours Start 2026.01.03 @ 06:10:46 End 2026.01.03 @ 06:17:15 Sessions 1 Manual Loads 0 Difficulty Rogue Special Mode None Game No. 419 Rogue 414 Adventurer 4 Explorer 1 Win Type - Total 25 Types 13/5/1/2/0/1/0/0/2/1 Lore% 97 Gallery% 95 Achievement% 82 Wizard Run 0 Options --------- Layout 0 ASCII 0 Keyboard 0 Movement Numpad Keybinds 0 Fullscreen 2 Font 18/SmallcapsGlow Map View 76x50 Zoom Use 0% Tactical HUD 1 Map Filters NONE Filters NONE Steam 1 RUN: 399c2679-7cbc-4f02-b28a-6eb64277dbbb